 Dungeon Crawl Stone Soup version 0.19-b1-3-g7dea586 (webtiles) character file.

40 Mesmaeker13 the Conjurer (level 3, 0/26 HPs)
             Began as a Demigod Conjurer on Oct 28, 2016.
             Slain by a kobold (1 damage)
             ... on level 1 of the Dungeon.
             The game lasted 00:02:58 (1077 turns).

Mesmaeker13 the Conjurer (Demigod Conjurer)         Turns: 1077, Time: 00:02:58

Health: 0/26       AC:  2    Str: 11    XL:     3   Next: 14%
Magic:  5/9        EV: 12    Int: 21    God:
Gold:   16         SH:  0    Dex: 16    Spells: 2 memorised, 4 levels left

rFire  . . .     SeeInvis .     g - -2 mace (curse)
rCold  . . .     Gourm    .     a - +0 robe
rNeg   . . .     Faith    .     (no shield)
rPois  .         Spirit   .     (no helmet)
rElec  .         Reflect  .     (no cloak)
rCorr  .         Harm     .     (no gloves)
MR     .....                    (no boots)
Stlth  ++........               (no amulet)
                                (no ring)
                                (no ring)

@: very slightly contaminated, hasted, very quick
A: high mp 1
a: no special abilities


You were on level 1 of the Dungeon.
You were hungry.

You visited 1 branch of the dungeon, and saw 2 of its levels.

You collected 16 gold pieces.

Inventory:

Hand Weapons
 g - a cursed -2 mace (weapon)
Armour
 a - a +0 robe (worn)
 e - a +0 shield
Potions
 d - a potion of lignification {unknown}
 f - a potion of haste
 h - a potion of ambrosia {unknown}
 i - 2 potions of might {unknown}
Books
 b - a book of Conjurations

   Spells                             Type                      Level
   a - Magic Dart                     Conjuration                  1
   b - Searing Ray                    Conjuration                  2
   c - Dazzling Spray                 Conjuration/Hexes            3
   d - Fulminant Prism                Conjuration/Hexes            4
   e - Iskenderun's Mystic Blast      Conjuration                  4
   f - Iskenderun's Battlesphere      Conjuration/Charms           5
Comestibles
 c - a bread ration


   Skills:
 - Level 1.7 Dodging
 - Level 1.7 Stealth
 + Level 2.7 Spellcasting
 + Level 4.0 Conjurations


You had 4 spell levels left.
You knew the following spells:

 Your Spells              Type           Power        Failure   Level  Hunger
a - Magic Dart            Conj           ###.         2%          1    None
b - Searing Ray           Conj           ###...       4%          2    ##.....


Dungeon Overview and Level Annotations

Branches:
Dungeon (2/15)


Innate Abilities, Weirdness & Mutations

You have an increased reservoir of magic. (+10% MP)


Message History

The jackal completely misses you.
There is a stone staircase leading up here.
You can't go down here!
The jackal bites you. The jackal misses you. The jackal barely misses you.
You climb upwards.
There is a stone staircase leading down here.
The jackal barely misses you. The jackal bites you. The jackal misses you.
The jackal barely misses you. The jackal closely misses you.
The jackal bites you. x2
* * * LOW HITPOINT WARNING * * *
The jackal closely misses you. The jackal bites you.
* * * LOW HITPOINT WARNING * * *
The jackal closely misses you.
You feel yourself speed up. The jackal bites you.
* * * LOW HITPOINT WARNING * * *
You are very lightly contaminated with residual magic.
A kobold comes into view.
The kobold hits you.
You die...

.##§§≈%§≈§§## .#§§§≈≈≈§§§≈#
##§§#§§§§#≈≈# ##§§≈§§§§§≈≈#
##≈≈≈÷§§≈§≈≈##############
.############...#........#
.#....<....'..#.#..####..#
###############.#..#.....#
.#§§≈§§§§≈≈≈#...@...###..######
##§§§§§§≈≈≈≈#.#.#K..# #...)...###
.#§§#§§§≈#§§#.h.#...###..#.......
.#§≈≈≈§§≈≈§§#h###........#.##.##.
.##§÷≈≈≈≈≈§##.############.##.##.
.###########....h.# ##.##..#. .#
#.# ####..###.# #........ .#
#.###.......#.##### #..###...
(####.##......#.#h...(# #......>.


You could see 2 jackals and a kobold.

Vanquished Creatures
  2 dart slugs (D:1)
  2 leopard geckos (D:1)
  3 giant cockroaches
  4 goblins (D:1)
  3 hobgoblins
  4 jackals
  4 kobolds (D:1)
  5 bats (D:1)
  2 frilled lizards (D:1)
  3 rats
32 creatures vanquished.

Vanquished Creatures (others)
  A goblin (D:1)
1 creature vanquished.

Grand Total: 33 creatures vanquished

Notes
Turn   | Place    | Note
-------+----------+-------------------------------------------
     0 | D:1      | Mesmaeker13 the Demigod Conjurer began the quest for the Orb.
     0 | D:1      | Reached XP level 1. HP: 14/14 MP: 5/5
   182 | D:1      | Reached XP level 2. HP: 18/20 MP: 0/7
   851 | D:1      | Reached XP level 3. HP: 24/26 MP: 5/9
   853 | D:1      | Reached skill level 4 in Conjurations
   996 | D:1      | Learned a level 2 spell: Searing Ray
  1069 | D:1      | HP: 1/26 [jackal (2)]
  1077 | D:1      | Slain by a kobold

Skill      XL: |  1  2  3 |
---------------+----------+-----
Spellcasting   | 2 |  2.7
Conjurations   | 4 |  4.0
Dodging        | |  1.7
Stealth        | |  1.7

Action                   || total
-------------------------++-------
Melee: Short sword       ||     3
       Mace              ||    39
 Cast: Magic Dart        ||    56
       Searing Ray       ||     1
  Use: Scroll            ||     5
       Potion            ||     1
 Stab: Sleeping          ||     3
Armor: Robe              ||    22
Dodge: Dodged            ||    78
